 Dungeon Crawl Stone Soup version 0.31-a0-232-gb1c03b2570 (webtiles) character file.

Game seed: 9981764284853378180

399 qw the Shooter (level 6, -1/52 HPs)
             Began as a Minotaur Hexslinger on July 6, 2023.
             Slain by an orc wizard
             ... wielding a +0 dagger
              (4 damage)
             ... on level 4 of the Dungeon.
             The game lasted 00:01:29 (3086 turns).

qw the Shooter (Minotaur Hexslinger)                Turns: 3086, Time: 00:01:29

Health: -1/52      AC:  5    Str: 12    XL:     6   Next: 54%
Magic:  6/6        EV: 16    Int: 10    God:
Gold:   124        SH:  0    Dex: 21    Spells: 6/7 levels left

rFire   . . .        Y - +2 sling
rCold   . . .        (no shield)
rNeg    . . .        j - +0 ring mail
rPois   .            (helmet restricted)
rElec   .            (no cloak)
rCorr   .            (no gloves)
SInv    .            (no boots)
Will    .....        (no amulet) Stlth
                     f - +6 ring of dexterity
HPRegen 0.28/turn    g - +5 ring of evasion
MPRegen 0.10/turn

%: no passive effects
@: confused
A: horns 2, retaliatory headbutt
a: no special abilities


You were on level 4 of the Dungeon.
You visited 2 branches of the dungeon, and saw 5 of its levels.

You collected 176 gold pieces.
You spent 52 gold pieces at shops.


Innate Abilities, Weirdness & Mutations

You have a pair of horns on your head.
You reflexively headbutt those who attack you in melee.


   Skills:
 - Level 4.0 Fighting
 + Level 6.4 Ranged Weapons
 - Level 2.0 Armour
 - Level 2.1 Dodging
 - Level 1.0 Spellcasting
 - Level 2.0 Hexes


You had 6 spell levels left.
You knew the following spells:

 Your Spells              Type           Power      Damage    Failure   Level
a - Slow                  Hex            16%        N/A       32%         1

Your spell library contained the following spells:

 Spells                   Type           Power      Damage    Failure   Level
 Inner Flame              Hex/Fire       2%         N/A       83%         3
 Portal Projectile        Hex/Tloc       4%         N/A       83%         3
 Cause Fear               Hex            2%         N/A       97%         4

Inventory:

Hand Weapons
 Y - a +2 sling (weapon)
Armour
 j - a +0 ring mail (worn)
Jewellery
 f - a +6 ring of dexterity (left hand)
 g - a +5 ring of evasion (right hand)
Scrolls
 a - 2 scrolls of immolation {unknown}
 h - a scroll of identify
Potions
 b - a potion of enlightenment
 c - a potion of degeneration {unknown}
 e - a potion of might

Dungeon Overview and Level Annotations

Branches:
Dungeon (4/15)             Temple (1/1) D:4

Altars:
Cheibriados
Dithmenos
Elyvilon
Gozag
Kikubaaqudgha
Makhleb
Nemelex Xobeh
Sif Muna
Trog
Uskayaw
Wu Jian
Yredelemnul

Shops:
D:2 ?


Message History

You shoot a sling bullet.
You feel less confused. Something hits you. Something barely misses you.
You shoot a sling bullet. Something hits you but does no damage.
You shoot a sling bullet. Something hits you but does no damage.
You shoot a sling bullet.
You hear some strange, mumbled words.
A magic dart appears from out of thin air!
The magic dart hits you.
You shoot a sling bullet. Something hits you.
You shoot a sling bullet. Something barely misses you.
You hear some strange, mumbled words.
Something tries to affect you, but you resist.
You shoot a sling bullet. Something hits you.
You shoot a sling bullet.
You hear some strange, mumbled words.
You are confused.
You shoot a sling bullet. Something hits you.
You shoot a sling bullet.
You hear some strange, mumbled words.
A magic dart appears from out of thin air!
The magic dart hits you!
You hear some strange, mumbled words.
A magic dart appears from out of thin air!
The magic dart hits you.
You shoot a sling bullet.
You hear some strange, mumbled words.
A magic dart appears from out of thin air!
The magic dart hits you.
You shoot a sling bullet. Something barely misses you.
You shoot a sling bullet. Something hits you.
You die...

#......# #.#
#...).....
...##.######.#
#.#####.#.
#............# #.#
#.#.....##########.#
#................#.#
###.....########...#
........# #..##
######### #>.# #@{#
.........).....
#######..###### #..#
#..# #..# #### ....
...# #... ...#


There were no monsters in sight!

Vanquished Creatures
  A scorpion (D:4)
  A howler monkey (D:4)
  2 orc priests (D:4)
  3 orc wizards
  6 adders
  2 worms
  17 orcs
  5 ball pythons
  9 bats
  9 endoplasms
  5 giant cockroaches
  5 goblins
  9 hobgoblins
  3 quokkas
  7 kobolds
  4 rats
88 creatures vanquished.

Notes
Turn   | Place    | Note
-------+----------+-------------------------------------------
     0 | D:1      | qw the Minotaur Hexslinger began the quest for the Orb.
     0 | D:1      | Reached XP level 1. HP: 16/16 MP: 1/1
     0 | D:1      | 0 ||| qw: Version: 0.3-a-46-gb1f654a
     0 | D:1      | 0 ||| qw: Game counter: 2133
     0 | D:1      | 0 ||| qw: Melee chars always use a shield: true
     0 | D:1      | 0 ||| qw: God list: Okawaru
     0 | D:1      | 0 ||| qw: Allow faded altars: false
     0 | D:1      | 0 ||| qw: Do Orc after clearing Dungeon:15 true
     0 | D:1      | 0 ||| qw: Do second Lair branch before Depths: true
     0 | D:1      | 0 ||| qw: Lair rune preference: random
     0 | D:1      | 0 ||| qw: Goals: Normal
     0 | D:1      | 0 ||| PLANNING D:1-11
   249 | D:1      | Reached skill level 3 in Ranged Weapons
   275 | D:1      | Reached XP level 2. HP: 23/23 MP: 2/2
   752 | D:1      | Reached XP level 3. HP: 13/29 MP: 3/3
   929 | D:1      | 929 ||| UPGRADING to +6 ring of dexterity.
   930 | D:1      | 930 ||| READING scroll labelled RISOCV RUIZEO.
   931 | D:1      | 931 ||| READING scroll labelled TITUT KYMOGOA.
   932 | D:1      | 932 ||| DROPPING scroll of poison.
  1174 | D:2      | Found Cacaawol's Magic Scroll Boutique.
  1178 | D:2      | 1178 ||| BUYING scroll of identify (26 gold).
  1178 | D:2      | Bought a scroll of identify for 26 gold pieces
  1178 | D:2      | 1178 ||| BUYING scroll of identify (26 gold).
  1178 | D:2      | Bought a scroll of identify for 26 gold pieces
  1178 | D:2      | 1178 ||| SHOPLISTING scroll of teleportation (39 gold, have
                  | 12).
  1186 | D:2      | Reached skill level 4 in Ranged Weapons
  1204 | D:2      | 1204 ||| FLEEEEING.
  1550 | D:2      | Reached XP level 4. HP: 36/36 MP: 4/4
  1621 | D:2      | 1621 ||| UPGRADING to +0 ring mail.
  1631 | D:2      | 1631 ||| DROPPING +0 robe.
  1632 | D:2      | 1632 ||| UPGRADING to +5 ring of evasion.
  1633 | D:2      | 1633 ||| DROPPING +6 ring of strength.
  1634 | D:2      | 1634 ||| READING scroll labelled WOGI NEITHRIBO.
  1635 | D:2      | 1635 ||| READING scroll labelled CAOSAIXYROU.
  1636 | D:2      | 1636 ||| DRINKING 2 fuming grey potions.
  1637 | D:2      | 1637 ||| READING 2 scrolls of identify.
  1637 | D:2      | 1637 ||| IDENTIFYING yellow potion
  1657 | D:3      | 1657 ||| STAIRDANCE
  1659 | D:3      | 1659 ||| STAIRDANCE
  1691 | D:2      | HP: 7/36 [something (4)]
  1815 | D:3      | 1815 ||| STAIRDANCE
  1869 | D:3      | Reached skill level 5 in Ranged Weapons
  1934 | D:3      | Reached XP level 5. HP: 37/42 MP: 5/5
  1968 | D:3      | 1968 ||| READING scroll labelled FAQUNL GIHEU.
  2248 | D:3      | 2248 ||| READING scroll labelled IGOPTO MITAOCH.
  2312 | D:4      | Reached skill level 3 in Fighting
  2327 | D:4      | Reached XP level 6. HP: 24/51 MP: 6/6
  2327 | D:4      | 2327 ||| FLEEEEING.
  2328 | D:4      | 2328 ||| FLEEEEING.
  2329 | D:4      | 2329 ||| FLEEEEING.
  2330 | D:4      | 2330 ||| FLEEEEING.
  2333 | D:4      | 2333 ||| FLEEEEING.
  2334 | D:4      | 2334 ||| FLEEEEING.
  2335 | D:4      | 2335 ||| FLEEEEING.
  2336 | D:4      | 2336 ||| FLEEEEING.
  2337 | D:4      | 2337 ||| FLEEEEING.
  2338 | D:4      | 2338 ||| FLEEEEING.
  2343 | D:4      | 2343 ||| FLEEEEING.
  2344 | D:4      | 2344 ||| FLEEEEING.
  2345 | D:4      | 2345 ||| FLEEEEING.
  2346 | D:4      | 2346 ||| FLEEEEING.
  2351 | D:4      | 2351 ||| STAIRDANCE
  2513 | D:4      | Found a basalt altar of Yredelemnul.
  2535 | D:4      | Reached skill level 6 in Ranged Weapons
  2594 | D:4      | Found a staircase to the Ecumenical Temple.
  2595 | D:4      | 2595 ||| PLANNING TEMPLE
  2607 | Temple   | Entered the Ecumenical Temple
  2667 | Temple   | 2667 ||| PLANNING D:1-11
  2929 | D:4      | Found a snail-covered altar of Cheibriados.
  2984 | D:4      | 2984 ||| FLEEEEING.
  2985 | D:4      | 2985 ||| FLEEEEING.
  2986 | D:4      | 2986 ||| FLEEEEING.
  2987 | D:4      | 2987 ||| FLEEEEING.
  2990 | D:4      | 2990 ||| FLEEEEING.
  2991 | D:4      | 2991 ||| FLEEEEING.
  2992 | D:4      | 2992 ||| FLEEEEING.
  2993 | D:4      | 2993 ||| FLEEEEING.
  2994 | D:4      | 2994 ||| FLEEEEING.
  2995 | D:4      | 2995 ||| FLEEEEING.
  2996 | D:4      | 2996 ||| FLEEEEING.
  2997 | D:4      | 2997 ||| FLEEEEING.
  2998 | D:4      | 2998 ||| FLEEEEING.
  2999 | D:4      | 2999 ||| FLEEEEING.
  3000 | D:4      | 3000 ||| FLEEEEING.
  3001 | D:4      | 3001 ||| FLEEEEING.
  3002 | D:4      | 3002 ||| FLEEEEING.
  3083 | D:4      | HP: 11/52 [something/magic dart (7)]
  3083 | D:4      | HP: 5/52 [something/magic dart (6)]
  3086 | D:4      | Slain by an orc wizard

Levels and vault maps discovered:
D:1:      wander_arrival_lonely_grave, layout_loops_corners,
          dreamdust_princess_bridge, serial_park_tiny_1, minmay_tetromino_l2
D:2:      layout_loops_ring, serial_shops, shop, minmay_worlds_worst_comb
D:3:      layout_rooms, nicolae_concentric_dashed_squares_wild
D:4:      layout_loops_ring, slow_altar_2, mainiacjoe_overflow_paths,
          minmay_temple_entry_glass, serial_shops, shop
Temple:   cyrus_temple_forest

Skill      XL: |  1  2  3  4  5  6 |
---------------+-------------------+-----
Ranged Weapons | 3 4 5 6 |  6.4
Fighting       | 2 3 4 |  4.0
Armour         | 2 |  2.0
Dodging        | |  2.1
Spellcasting   | |  1.0
Hexes          | |  2.0

Action                     |  1- 3 |  4- 6 || total
---------------------------+-------+-------++-------
   Fire: Sling             |   132 |   183 ||   315
    Use: Scroll            |     2 |     5 ||     7
         Potion            |       |     1 ||     1
 Armour: Robe              |    10 |       ||    10
         Ring mail         |       |    39 ||    39
  Dodge: Dodged            |    30 |    91 ||   121

Table legend:
 A = Non-vault XP
 B = Vault XP
 C = Vault XP percentage of total XP
 D = Non-vault monster count
 E = Vault monster count
 F = Vault count percentage of total count
                 A         B        C        D         E       F
            +---------+---------+-------+---------+---------+-------
      Total |     556 |      15 |   2.6 |      82 |       6 |   6.8
            +---------+---------+-------+---------+---------+-------
        D:1 |      39 |       2 |   4.9 |      22 |       1 |   4.3
        D:2 |     108 |       8 |   6.9 |      21 |       4 |  16.0
        D:3 |      70 |       0 |   0.0 |      19 |       0 |   0.0
        D:4 |     339 |       5 |   1.5 |      20 |       1 |   4.8
            +---------+---------+-------+---------+---------+-------
